 Dungeon Crawl Stone Soup version 0.32-a0-614-gd166fa89d2 (webtiles) character file.

Game seed: 13788579224112849913

175 kae the Slasher (level 5, -6/38 HPs)
             Began as a Coglin Gladiator on Mar 5, 2024.
             Killed by nerve-wracking pain
             ... invoked by an orc priest
              (14 damage)
             ... on level 4 of the Dungeon.
             The game lasted 00:02:01 (2542 turns).

kae the Slasher (Coglin Gladiator)                  Turns: 2542, Time: 00:02:01

Health: -6/38      AC:  6    Str: 15    XL:     5   Next: 55%
Magic:  5/5        EV: 12    Int:  7    God:
Gold:   174        SH:  0    Dex: 17    Spells: 4/4 levels left

rFire   . . .        a - +1 long sword {Daeho}
rCold   . . .        f - +0 dagger {Arammadara}
rNeg    . . .        b - +0 leather armour
rPois   .            c - +2 helmet
rElec   .            (no cloak)
rCorr   .            (no gloves)
SInv    .            (no boots)
Will    .....        (amulet unavailable)
Stlth   +            (ring unavailable)
HPRegen 0.26/turn    (ring unavailable)
MPRegen 0.09/turn    (no gizmo)

%: no passive effects
@: revved
A: off-hand wielding, slow wielding, warmup strikes, no jewellery
a: Invent Gizmo, Convert to Beogh


You were on level 4 of the Dungeon.
You visited 1 branch of the dungeon, and saw 4 of its levels.

You collected 174 gold pieces.


Innate Abilities, Weirdness & Mutations

You can wield a second weapon in your off-hand.
It takes a long time for you to wield or remove held weapons.
Your first few attacks do less damage.
You cannot equip rings or amulets.


   Skills:
 - Level 2.0 Fighting
 + Level 6.1 Long Blades
 - Level 1.7 Throwing
 - Level 2.6 Dodging


You had 4 spell levels left.
You didn't know any spells.
Your spell library contained the following spells:

 Spells                   Type           Power      Damage    Failure   Level
 Shock                    Conj/Air       0%         1d3       50%         1
 Swiftness                Air            0%         N/A       86%         3
 Airstrike                Air            0%         2d(0-16)  99%         4

Inventory:

Hand Weapons
 a - a +1 long sword (weapon) {Daeho}
 f - a +0 dagger (offhand) {Arammadara}
Missiles
 d - 3 throwing nets (quivered) {=f!f}
 e - a javelin
 p - 19 stones
 s - 4 datura-tipped darts
 t - 2 boomerangs
Armour
 b - a +0 leather armour (worn)
 c - a +2 helmet (worn)
Jewellery
 D - a +6 ring of dexterity
   (You found it on level 1 of the Dungeon)
Scrolls
 h - a scroll of blinking {!r}
 n - a scroll of vulnerability {!r!r}
Potions
 g - a potion of cancellation
 i - a potion of heal wounds {unknown}
 j - a potion of brilliance
 m - a potion of might
 o - a potion of lignification {!q}

Dungeon Overview and Level Annotations

Branches:
Dungeon (4/15) Zot: 21455
 Temple: D:4-7

Altars:

##### #########* #o@.#
#........,
****#.#o######........,
*,,...#....[..>.......,
*,#.#####.............,
*,#.,,#...#.##..######.
*,#**,#.###.##..# #.
*,* *...* #.##..# #.
*,* ##.** #.##..# #.
*,* #.* #.##..######.


You could see 2 orc priests.


Message History

You hit the orc priest with your +1 long sword.
The orc priest hits you with a +0 dagger.
You hit the orc priest but do no damage.
You barely miss the orc priest with your +1 long sword.
The orc priest calls down the wrath of Beogh upon you.
Pain shoots through your body!
* * * LOW HITPOINT WARNING * * *
The orc priest shouts, "Beogh offers mercy even to people such as you.
Join us and be reborn!" (press Y on the ability menu to convert to Beogh) 😨 HP[-13]
You take 13 damage, and now have 16/38 hp.
MASSIVE DAMAGE!! (PAUSE)
You barely miss the orc priest with your +0 dagger.
You hit the orc priest with your +1 long sword.
You kill the orc priest!
Your Long Blades skill increases to level 6!
Found a stone staircase leading down.
Things that are here:
a +0 dagger; a +0 chain mail Key pressed, stopping explore.
Unknown command. 😕 HP[+14]
You regained 14 hp, and now have 30/38 hp.
You see here a scarf of repulsion. 😎 HP[+8]
Your hp is fully restored (38). 2 orcs come into view.
The orc shouts! x2
An orc priest comes into view. It is wielding a +0 war axe.
You closely miss the orc with your +1 long sword.
You closely miss the orc with your +0 dagger.
The orc barely misses you.
An orc priest comes into view.
It is wielding a +0 dagger of holy wrath.
You completely miss the orc with your +0 dagger.
The orc priest shouts!
You hit the orc with your +1 long sword.
There are monsters nearby!
There are monsters nearby!
You hit the orc but do no damage.
You slash the orc with your +1 long sword!
You kill the orc!
You hit the orc but do no damage.
You slash the orc with your +1 long sword!
You kill the orc!
You hit the orc priest but do no damage. x2
The orc priest closely misses you.
The orc priest calls down the wrath of Beogh upon you.
Beogh smites you!
You are too injured to fight recklessly! 😮 HP[-13]
You take 13 damage, and now have 25/38 hp.
MASSIVE DAMAGE!! (PAUSE)
You are too injured to fight recklessly!
You are too injured to fight recklessly!
You are too injured to fight recklessly!
You are too injured to fight recklessly!
Unknown command.
You barely miss the orc priest with your +0 dagger.
The orc priest shouts, "The Pantheon deserves no one's loyalty.
Let us show you the true path!"
You slash the orc priest with your +1 long sword!
The orc priest barely misses you.
You hit the orc priest but do no damage.
You hit the orc priest with your +1 long sword.
The orc priest casts a cantrip, but nothing happens.
The orc priest shouts, "The Pantheon deserves no one's loyalty.
Let us show you the true path!"
You hit the orc priest but do no damage.
You barely miss the orc priest with your +1 long sword.
The orc priest mumbles some strange prayers to Beogh against you.
Pain shoots through your body!
* * * LOW HITPOINT WARNING * * *
😨 HP[-9]
You take 9 damage, and now have 16/38 hp.
MASSIVE DAMAGE!! (PAUSE)
You hit the orc priest but do no damage.
You barely miss the orc priest with your +1 long sword.
The orc priest calls upon Beogh to heal the orc priest.
The orc priest is healed somewhat. 😨 HP[+1]
The orc priest hits you with a +0 dagger of holy wrath.
* * * LOW HITPOINT WARNING * * *
The orc priest hits you with a +0 war axe!
* * * LOW HITPOINT WARNING * * *
😱 HP[-10]
You take 10 damage, and now have 7/38 hp.
MASSIVE DAMAGE!! (PAUSE)
You barely miss the orc priest with your +1 long sword.
You hit the orc priest but do no damage.
The orc priest miscasts a cantrip.
The orc priest begins to cast a cantrip, but forgets the words!
Unknown command.
You hit the orc priest but do no damage.
The orc priest shouts, "The Pantheon deserves no one's loyalty.
Let us show you the true path!"
You hit the orc priest with your +1 long sword.
The orc priest threatens, "Beogh's wrath is as vast as their mercy.
Make your choice!"
You hit the orc priest but do no damage.
You hit the orc priest with your +1 long sword.
The orc priest casts a cantrip, but nothing happens.
The orc priest mumbles some strange prayers to Beogh against you.
Pain shoots through your body!
You die...

Skill      XL: |  1  2  3  4  5 |
---------------+----------------+-----
Long Blades    | 4 5 6 |  6.1
Fighting       | |  2.0
Throwing       | |  1.7
Dodging        | |  2.6

Action                     |  1- 3 |  4- 6 || total
---------------------------+-------+-------++-------
  Melee: Long sword        |    60 |    75 ||   135
         Dagger            |    47 |    71 ||   118
    Use: Scroll            |     8 |     6 ||    14
   Stab: Sleeping          |     1 |     2 ||     3
 Armour: Leather armour    |    28 |    28 ||    56
  Dodge: Dodged            |    31 |    32 ||    63

Levels and vault maps discovered:
D:1:      sevenhm_arrival_forest_fort_large_4, layout_basic,
          chequers_ecumenical_altar_simple_redux
D:2:      layout_basic
D:3:      layout_loops_ring
D:4:      layout_loops_ring, good_gods_mini_temple, kennysheep_little_box,
          minmay_gold_behind_fungi, uniq_ijyb

Notes
Turn   | Place    | Note
-------+----------+-------------------------------------------
     0 | D:1      | kae the Coglin Gladiator began the quest for the Orb.
     0 | D:1      | Reached XP level 1. HP: 16/16 MP: 1/1
     0 | D:1      | magus.rc [v1.11.3]
   139 | D:1      | Reached XP level 2. HP: 20/22 MP: 2/2
   248 | D:1      | Found a faded altar of an unknown god.
   259 | D:1      | Reached skill level 4 in Long Blades
   263 | D:1      | Reached XP level 3. HP: 20/27 MP: 3/3
  1497 | D:3      | Reached XP level 4. HP: 33/33 MP: 4/4
  1651 | D:3      | Reached skill level 5 in Long Blades
  1700 | D:3      | You pick up a book of Air and begin reading...
  1700 | D:3      | You add the spells Shock, Swiftness and Airstrike to your
                  | library.
  2012 | D:3      | Reached XP level 5. HP: 33/38 MP: 5/5
  2432 | D:4      | Reached skill level 6 in Long Blades
  2539 | D:4      | HP: 7/38 [orc priest/+0 war axe (7)]
  2542 | D:4      | Killed from afar by an orc priest

Vanquished Creatures
  A bombardier beetle (D:3)
  An orc priest (D:4)
  2 adders
  A white imp (D:3)
  5 dart slugs
  11 orcs
  7 ball pythons
  3 bats
  7 endoplasms
  2 giant cockroaches
  7 goblins
  2 hobgoblins (D:1)
  3 quokkas
  3 frilled lizards
  2 kobolds
  5 rats
62 creatures vanquished.

Table legend:
 A = Non-vault XP
 B = Vault XP
 C = Vault XP percentage of total XP
 D = Non-vault monster count
 E = Vault monster count
 F = Vault count percentage of total count
                 A         B        C        D         E       F
            +---------+---------+-------+---------+---------+-------
      Total |     250 |       0 |   0.0 |      62 |       0 |   0.0
            +---------+---------+-------+---------+---------+-------
        D:1 |      47 |       0 |   0.0 |      23 |       0 |   0.0
        D:2 |      33 |       0 |   0.0 |      12 |       0 |   0.0
        D:3 |      93 |       0 |   0.0 |      18 |       0 |   0.0
        D:4 |      77 |       0 |   0.0 |       9 |       0 |   0.0
            +---------+---------+-------+---------+---------+-------

Skill      XL: |  1  2  3  4  5 |
---------------+----------------+-----
Long Blades    | 4 5 6 |  6.1
Fighting       | |  2.0
Throwing       | |  1.7
Dodging        | |  2.6

Action                     |  1- 3 |  4- 6 || total
---------------------------+-------+-------++-------
  Melee: Long sword        |    60 |    75 ||   135
         Dagger            |    47 |    71 ||   118
    Use: Scroll            |     8 |     6 ||    14
   Stab: Sleeping          |     1 |     2 ||     3
 Armour: Leather armour    |    28 |    28 ||    56
  Dodge: Dodged            |    31 |    32 ||    63

Illustrated notes

Table legend:
 A = Kills in this place as a percentage of kills in the entire game.
 B = Kills by you in this place as a percentage of kills by you in the entire game.
 C = Kills by friends in this place as a percentage of kills by friends in the entire game.
 D = Other kills in this place as a percentage of other kills in the entire game.
 E = Experience gained in this place as a percentage of experience gained in the entire game.
 F = Experience gained in this place divided by the number of levels of this place that you have seen.
                   A       B       C       D       E      F
               +-------+-------+-------+-------+-------+----------------------
         Total | 100.0 | 100.0 |   N/A |   N/A | 100.0 |  62.5
       Dungeon | 100.0 | 100.0 |   N/A |   N/A | 100.0 |  62.5
               +-------+-------+-------+-------+-------+----------------------

Table legend: (Time is in decaauts)
 A = Elapsed time spent in this place.
 B = Non-inter-level travel time spent in this place.
 C = Inter-level travel time spent in this place.
 D = Time resting spent in this place.
 E = Time spent auto-exploring this place.
 F = Levels seen in this place.
 G = Mean time per level.
                   A        B        C        D        E       F      G
               +--------+--------+--------+--------+--------+-----+--------+
         Total |   2543 |   2363 |    180 |    102 |   1908 |   4 |  635.8 |
       Dungeon |   2543 |   2363 |    180 |    102 |   1908 |   4 |  635.8 |
               +--------+--------+--------+--------+--------+-----+--------+

Top non-repeatable levels by time:
     D:2: 860 daAuts
     D:3: 766 daAuts
     D:1: 572 daAuts
     D:4: 343 daAuts
